 Dungeon Crawl Stone Soup version 0.17-a0-1397-g0eee0a3 (webtiles) character file.

111393 Lektor the Destroyer (level 16, -2/117 HPs)
             Began as a Naga Wizard on June 16, 2015.
             Was the Champion of Vehumet.
             Slain by an ettin
             ... wielding a +0 dire flail
              (37 damage)
             ... on level 15 of the Dungeon on June 17, 2015.
             The game lasted 06:25:58 (29796 turns).

Lektor the Destroyer (Naga Wizard)                 Turns: 29796, Time: 06:25:59

Health: -2/117     AC: 15    Str: 10    XL:     16   Next: 57%
Magic:  16/48      EV: 15    Int: 35    God:    Vehumet [******]
Gold:   2707       SH:  6    Dex: 11    Spells: 10 memorised, 6 levels left

rFire  + . .     SeeInvis +     D - staff of power
rCold  + . .     Clarity  .     L - +2 robe {rC+}
rNeg   . . .     SustAt   .     T - +2 buckler
rPois  +         Gourm    .     J - +2 helmet {Int+3}
rElec  .         Spirit   .     O - +2 cloak
rCorr  .         Warding  .     (no gloves)
rMut   .         Stasis   .     (no barding)
MR     ++...                    t - amulet "Laptidyt" {rF+ Regen+ Int+6}
Stlth  +++++.....               X - ring of stealth
                                l - +5 ring of evasion

@: very slow, very resistant to hostile enchantments, quite stealthy
A: molten scales 1, see invisible, clever 1, deformed body, frail 1, poison
resistance, slowness 2, slow metabolism 1, spit poison 3, constrict 1, AC +5
a: Breathe Poison Gas, Renounce Religion


You were on level 15 of the Dungeon.
You worshipped Vehumet.
Vehumet was exalted by your worship.
You were hungry.

You visited 8 branches of the dungeon, and saw 32 of its levels.
You also visited: Labyrinth.

You collected 2725 gold pieces.
You spent 18 gold pieces at shops.

Inventory:

Hand weapons
 Y - the +2 longbow of Subjectivity {flame, Str+3 Int+2 Stlth-}
   (You found it on level 8 of the Lair of Beasts)

   It causes projectiles fired from it to burn those they strike, causing extra
   injury to most foes and up to half again as much damage against particularly
   susceptible opponents.
   It affects your strength (+3).
   It affects your intelligence (+2).
   It makes you less stealthy.
Missiles
 R - 6 throwing nets (quivered)
Armour
 J - a +2 helmet of intelligence (worn)
 L - a +2 robe of cold resistance (worn)
 O - a +2 cloak (worn)
 T - a +2 buckler (worn)
Magical staves
 D - an uncursed staff of power (weapon)
Jewellery
 l - a +5 ring of evasion (left hand)
 t - the amulet "Laptidyt" (around neck) {rF+ Regen+ Int+6}
   (You took it off a minotaur in a labyrinth)

   [amulet of regeneration]

   It affects your intelligence (+6).
   It protects you from fire.
   It increases your rate of regeneration.
 X - a ring of stealth (right hand)
Magical devices
 b - a wand of lightning (0)
 c - a wand of teleportation (5)
 e - a wand of polymorph (13)
 s - a wand of heal wounds (2)
 u - a wand of paralysis (10)
 v - a wand of fire (3)
 w - a wand of random effects (16)
 z - a wand of fire (0)
 E - a wand of confusion (19)
 I - a wand of teleportation (5)
 N - a wand of slowing (25)
 P - a wand of invisibility (3)
 S - a wand of disintegration (3)
Scrolls
 a - 4 scrolls of enchant weapon
 k - 20 scrolls of identify
 r - 8 scrolls of remove curse
 B - 5 scrolls of recharging
 K - a scroll of magic mapping
 M - a scroll of silence
 Q - 3 scrolls of fog
 Z - 2 scrolls of blinking
Potions
 f - 2 potions of magic
 i - 2 potions of agility
 m - 3 potions of brilliance
 n - 5 potions of curing
 F - a potion of resistance
 G - a potion of flight
 H - 4 potions of haste
Books
 o - a book of Power

   Spells                             Type                      Level
   a - Fulminant Prism                Conjuration/Hexes            4
   b - Iskenderun's Mystic Blast      Conjuration                  4
   c - Venom Bolt                     Conjuration/Poison           5
   d - Bolt of Magma                  Conjuration/Fire/Earth       5
   e - Iron Shot                      Conjuration/Earth            6
   f - Orb of Destruction             Conjuration                  7
   g - Spellforged Servitor           Conjuration/Summoning        7
 x - a book of the Sky

   Spells                             Type                      Level
   a - Summon Lightning Spire         Summoning/Air                4
   b - Airstrike                      Air                          4
   c - Silence                        Hexes/Air                    5
   d - Deflect Missiles               Charms/Air                   6
   e - Conjure Ball Lightning         Conjuration/Air              6
   f - Tornado                        Air                          9
 y - a book of Beasts

   Spells                             Type                      Level
   a - Summon Butterflies             Summoning                    1
   b - Call Canine Familiar           Summoning                    3
   c - Summon Ice Beast               Ice/Summoning                4
   d - Summon Mana Viper              Hexes/Summoning              5
   e - Summon Hydra                   Summoning                    7
 A - a Fen Folio

   Spells                             Type                      Level
   a - Corpse Rot                     Necromancy                   2
   b - Stone Arrow                    Conjuration/Earth            3
   c - Leda's Liquefaction            Hexes/Earth                  4
   d - Summon Forest                  Summoning/Translocation      5
   e - Hydra Form                     Transmutation                6
   f - Summon Hydra                   Summoning                    7
 U - a book of the Tempests

   Spells                             Type                      Level
   a - Static Discharge               Conjuration/Air              3
   b - Lightning Bolt                 Conjuration/Air              5
   c - Fireball                       Conjuration/Fire             5
   d - Tornado                        Air                          9
   e - Shatter                        Earth                        9
 V - an Akashic Record {highlevel}

   This book is beyond your current level of understanding.

   Spells                             Type                      Level
   a - Dispersal                      Translocation                6
   b - Controlled Blink               Translocation                7
   c - Malign Gateway                 Summoning/Translocation      7
   d - Disjunction                    Translocation                8
   e - Singularity                    Translocation                9
 W - a book of Air

   Spells                             Type                      Level
   a - Shock                          Conjuration/Air              1
   b - Swiftness                      Charms/Air                   2
   c - Repel Missiles                 Charms/Air                   2
   d - Static Discharge               Conjuration/Air              3
   e - Lightning Bolt                 Conjuration/Air              5
Miscellaneous
 h - a legendary deck of changes {drawn: 4}
 q - a plain deck of escape {drawn: 3}
Comestibles
 d - 22 bread rations
 g - 21 fruits
 j - 5 meat rations
 C - a royal jelly


   Skills:
 - Level 5.3 Fighting
   Level 1.0 Short Blades
 - Level 2.0 Dodging
 - Level 8.1 Stealth
 - Level 4.1 Shields
 + Level 13.9 Spellcasting
 + Level 14.6 Conjurations
 - Level 3.0 Hexes
 - Level 3.0 Charms
 - Level 7.0 Summonings
 - Level 6.4 Translocations
 + Level 8.6 Fire Magic
 - Level 9.0 Air Magic
 - Level 9.4 Poison Magic
 - Level 5.0 Evocations


You had 6 spell levels left.
You knew the following spells:

 Your Spells              Type           Power        Failure   Level  Hunger
a - Magic Dart            Conj           ####         0%          1    None
b - Mephitic Cloud        Conj/Pois/Air  #######.     1%          3    None
c - Conjure Flame         Conj/Fire      #######.     1%          3    None
d - Blink                 Tloc           N/A          1%          2    None
e - Airstrike             Air            ######....   1%          4    None
f - Summon Lightning Spi  Summ/Air       ######..     1%          4    None
g - Bolt of Fire          Conj/Fire      #######...   1%          6    ###....
h - Spellforged Servitor  Conj/Summ      #######...   5%          7    #####..
i - Fulminant Prism       Conj/Hex       ######....   1%          4    None
j - Repel Missiles        Chrm/Air       ######       1%          2    None


Dungeon Overview and Level Annotations

Branches:
Dungeon (15/15)            Temple (1/1) D:4            Lair (8/8) D:11
 Shoals (1/4) Lair:3       Spider (1/4) Lair:3        Slime (0/6) Lair:7
    Orc (4/4) D:9             Elf (1/3) Orc:4        Vaults (0/5) D:13
 Depths (1/5) D:15

Altars:
Ashenzari
Cheibriados
Dithmenos
Elyvilon
Fedhas
Gozag
Kikubaaqudgha
Makhleb
Nemelex Xobeh
Okawaru
Qazlal
Ru
Sif Muna
Trog
Vehumet
Xom
Yredelemnul
Zin
The Shining One

Shops:
Orc:4 %!}*}   Elf:1 }


Innate Abilities, Weirdness & Mutations

You cannot wear boots.
Your serpentine skin is tough (AC +5).
You have supernaturally acute eyesight.
Armour fits poorly on your strangely shaped body.
Your system is resistant to poisons.
You cover ground very slowly.
You have a slow metabolism.
You can exhale a cloud of poison.
You can use your snake-like lower body to constrict enemies.
You are partially covered in molten scales (AC +1).
Your mind is acute. (Int +2)
You are frail (-10% HP).


Message History

The salamander mystic is engulfed in noxious fumes.
The salamander mystic appears confused.
The salamander mystic is engulfed in noxious fumes.
The salamander mystic appears confused.
The salamander mystic hits the ettin but does no damage.
The ettin is engulfed in noxious fumes.
The ettin misses you. The ettin hits you with a dire flail!!
* * * LOW HITPOINT WARNING * * *
Drink which item? (? for menu, Esc to quit)
Okay, then.
Evoke which item? (* to show all) (? for menu, Esc to quit)
Zapping:
s - a wand of heal wounds (will waste charges)
Press: ? - help, Shift-Dir - straight line, f - you You feel much better.
Evoking this partially-identified wand wasted a few charges.
The salamander mystic is engulfed in noxious fumes.
The salamander mystic hits the ettin with a quarterstaff.
The ettin is engulfed in flames!
The ettin is engulfed in noxious fumes.
The ettin hits you with a dire flail!!!
You die...

########+###+######+#######
.......<..................#
........###.........#####.#
#...##..# #.........#####.#
... .....############.....#
#
##....#....)..(≈≈#'#######
#.####'###≈≈≈#.≈#........
#. #N§.#..((..#....)... #.
#§C@#..≈##.'.#######
#.§.#..((..### #)###≈≈≈#.≈#
#...)....≈≈# ############


You could see an ettin and a salamander mystic (confused).

Vanquished Creatures
  A frost giant (D:15)
  A stone giant (Orc:2)
  Nessos (Lair:7)
  2 deep elf death magi (Elf:1)
  Snorg (Lair:4)
  A minotaur (Lab)
  The ghost of xgamer67 the Severer, a powerful HuBe of Trog (Orc:3)
  3 hydras
  Harold (Lair:4)
  3 centaur warriors
  7 death yaks (Lair:8)
  An ogre mage (D:15)
  An orc high priest (Orc:4)
  7 skeletal warriors
  2 deep elf knights (Elf:1)
  4 unseen horrors
  2 deep elf conjurers (Elf:1)
  3 deep elf summoners (Elf:1)
  An orb spider (Spider:1)
  2 fauns (Shoals:1)
  2 wolf spiders (Spider:1)
  4 hill giants
  An orc knight (Orc:4)
  A water nymph (Shoals:1)
  3 manticores
  7 orc sorcerers
  3 cyclopes
  9 elephants
  10 ugly things
  5 griffons
  3 sirens (Shoals:1)
  7 black mambas
  11 spiny frogs
  2 centaur skeletons
  A fire drake (Lair:7)
  10 komodo dragons
  A kobold demonologist (D:14)
  5 deep elf priests (Elf:1)
  A jumping spider (shapeshifter) (D:13)
  A wind drake (shapeshifter) (D:13)
  6 trolls
  6 blink frogs
  7 jumping spiders (Spider:1)
  A trapdoor spider zombie (D:13)
  4 two-headed ogres
  A hornet zombie (D:14)
  2 trapdoor spiders
  3 wyverns
  7 deep elf magi
  7 redbacks (Spider:1)
  A vampire (D:15)
  A wraith (D:14)
  A spriggan (D:7)
  3 tarantellas (Spider:1)
  A basilisk (Lair:1)
  6 hippogriffs
  2 hungry ghosts
  Grum (D:11)
  30 yaks
  9 vampire mosquitoes
  12 wolves
  10 deep elf fighters
  Edmund (D:6)
  A warg (Orc:3)
  13 porcupines
  Duvessa (D:7)
  4 phantoms
  8 water moccasins
  3 ice beasts
  2 necrophages (Lair:2)
  2 wasps
  5 spiders (Spider:1)
  2 sky beasts
  12 centaurs
  17 orc warriors
  A black bear (D:7)
  9 ogres
  6 big kobolds
  A brain worm (Lair:7)
  14 crocodiles
  13 giant frogs
  6 scorpions
  Dowan (D:7)
  17 killer bees
  13 wights
  6 electric eels
  2 jellies
  5 crimson imps
  2 quasits
  A centaur zombie (D:9)
  19 orc priests
  6 hounds
  3 worker ants
  2 giant frog skeletons
  13 iguanas
  30 orc wizards
  23 sheep
  A hound zombie (D:8)
  6 adders
  3 gnolls (D:4)
  2 shadow imps
  54 river rats
  3 oozes
  An adder skeleton (D:9)
  5 worms
  4 giant geckos
  161 orcs
  2 ball pythons (D:2)
  2 bat skeletons
  22 hobgoblins
  9 jackals
  31 kobolds
  8 quokkas
  10 bats
  3 giant cockroaches (D:2)
  A giant gecko skeleton (D:8)
  6 giant newts
  26 goblins
  8 rats
  A butterfly (Lair:7)
  5 fulminant prisms
  A fungus (Lair:8)
  17 plants
909 creatures vanquished.

Vanquished Creatures (collateral kills)
  Gastronok (Lair:1)
  An orc warlord (Orc:4)
  A merfolk impaler (Shoals:1)
  A hydra (Lair:8)
  A merfolk avatar (Shoals:1)
  3 catoblepae (Lair:8)
  Erica (D:11)
  6 death yaks (Lair:8)
  A tengu warrior (D:15)
  2 orc high priests (Orc:4)
  Urug (D:12)
  2 deep elf knights (Elf:1)
  A skeletal warrior (D:15)
  A fire crab (Lair:8)
  A sea snake (Shoals:1)
  A deep elf summoner (Elf:1)
  3 hill giants
  3 harpies (Shoals:1)
  3 orc knights (Orc:4)
  A harpy (shapeshifter) (D:13)
  A faun (Shoals:1)
  3 ugly things
  A deep elf conjurer (Elf:1)
  A wolf spider (Spider:1)
  A griffon (Shoals:1)
  A manticore (D:12)
  Joseph (Lair:1)
  3 elephants (Lair:2)
  A siren (Shoals:1)
  3 komodo dragons
  3 spiny frogs
  A yaktaur (D:15)
  A deep elf priest (Elf:1)
  A two-headed ogre (D:15)
  A troll (D:12)
  A blink frog (shapeshifter) (D:13)
  A snapping turtle (Lair:3)
  A spriggan (Lair:6)
  A redback (Spider:1)
  18 yaks
  A deep elf mage (Elf:1)
  4 hippogriffs
  2 vampire mosquitoes
  4 water moccasins
  8 wolves
  8 orc warriors
  2 porcupines
  A black bear (Lair:5)
  3 ogres
  A necrophage (Lair:2)
  4 crocodiles
  A giant frog (Lair:1)
  A killer bee (D:8)
  2 iguanas
  3 orc priests
  2 giant frog zombies
  3 orc wizards
  A quasit (D:13)
  2 sheep
  27 river rats
  15 orcs
  2 hobgoblins (Orc:4)
  A butterfly (Lair:8)
  2 plants
180 creatures vanquished.

Vanquished Creatures (others)
  An ugly thing (D:14)
  A polar bear (Lair:3)
  A yak (Lair:3)
  A necrophage (Lair:2)
  An ogre (Orc:4)
  A crocodile (Lair:3)
  An orc priest (Orc:4)
  An orc wizard (Orc:4)
  A river rat (Lair:3)
  2 orcs (Orc:4)
  330 fulminant prisms
  9 fungi
  9 plants
359 creatures vanquished.

Grand Total: 1448 creatures vanquished

Notes
Turn   | Place    | Note
--------------------------------------------------------------
     0 | D:1      | Lektor the Naga Wizard began the quest for the Orb.
     0 | D:1      | Reached XP level 1. HP: 15/15 MP: 4/4
   140 | D:1      | Reached XP level 2. HP: 13/22 MP: 0/6
   600 | D:2      | Found a shattered altar of Ashenzari.
   600 | D:2      | Found an ancient bone altar of Kikubaaqudgha.
   600 | D:2      | Found a snail-covered altar of Cheibriados.
   600 | D:2      | Found a shimmering altar of Xom.
   601 | D:2      | Found a basalt altar of Yredelemnul.
   601 | D:2      | Found a white marble altar of Elyvilon.
   651 | D:2      | Reached XP level 3. HP: 28/28 MP: 0/7
   684 | D:2      | Learned a level 3 spell: Mephitic Cloud
   688 | D:2      | Learned a level 3 spell: Conjure Flame
   792 | D:2      | Reached skill level 4 in Stealth
   986 | D:2      | Reached skill level 1 in Poison Magic
  1897 | D:3      | Reached XP level 4. HP: 30/36 MP: 1/9
  2625 | D:4      | Noticed an ice beast
  2642 | D:4      | Noticed an ogre
  2643 | D:4      | Killed an ice beast
  2643 | D:4      | Reached XP level 5. HP: 42/42 MP: 3/10
  2644 | D:4      | Killed an ogre
  2644 | D:4      | Reached XP level 6. HP: 49/49 MP: 4/11
  3263 | D:4      | Reached skill level 1 in Air Magic
  3356 | D:4      | Found a staircase to the Ecumenical Temple.
  3364 | Temple   | Entered the Ecumenical Temple
  3394 | Temple   | Became a worshipper of Vehumet
  3546 | D:4      | Gained mutation: You can exhale a cloud of poison. [potion of mutation]
  3546 | D:4      | Gained mutation: Your body sometimes deteriorates upon taking damage. [potion of mutation]
  3546 | D:4      | Gained mutation: You are frail (-10% HP). [potion of mutation]
  3700 | D:4      | Gained mutation: You are partially covered in molten scales (AC +1). [potion of mutation]
  3700 | D:4      | Gained mutation: You are clumsy. (Dex -2) [potion of mutation]
  3700 | D:4      | Lost mutation: You are clumsy. (Dex -2) [potion of mutation]
  3867 | D:5      | Entered Level 5 of the Dungeon
  4155 | D:5      | Reached skill level 5 in Poison Magic
  4155 | D:5      | Reached XP level 7. HP: 44/49 MP: 12/12
  4256 | D:5      | Found an iron altar of Okawaru.
  4587 | D:5      | Reached skill level 5 in Conjurations
  4650 | D:5      | Reached skill level 6 in Poison Magic
  4873 | D:5      | Reached XP level 8. HP: 55/55 MP: 8/13
  4931 | D:5      | Found a deep blue altar of Sif Muna.
  5624 | D:6      | Acquired Vehumet's first power
  5624 | D:6      | Offered knowledge of Sandblast by Vehumet.
  5632 | D:6      | Reached skill level 7 in Poison Magic
  5636 | D:6      | Learned a level 2 spell: Blink
  5827 | D:6      | Noticed Edmund
  5846 | D:6      | Killed Edmund
  5846 | D:6      | Reached skill level 5 in Stealth
  5846 | D:6      | Reached skill level 1 in Evocations
  6030 | D:7      | Noticed Dowan
  6084 | D:7      | Noticed Duvessa
  6089 | D:7      | Killed Dowan
  6114 | D:7      | Killed Duvessa
  6120 | D:7      | Reached XP level 9. HP: 38/61 MP: 0/14
  6189 | D:7      | Reached skill level 8 in Poison Magic
  6435 | D:7      | Reached skill level 5 in Air Magic
  6610 | D:7      | Learned a level 4 spell: Airstrike
  7098 | D:8      | Offered knowledge of Freeze by Vehumet.
  7350 | D:8      | Reached skill level 9 in Poison Magic
  7416 | D:8      | Reached skill level 1 in Fire Magic
  8051 | D:8      | Got a smoking long sword
  8110 | D:8      | Reached XP level 10. HP: 30/67 MP: 8/15
  8313 | D:8      | Identified the +5 long sword of Impatience {antimagic, rPois} (You found it on level 8 of the Dungeon)
  8928 | D:9      | Offered knowledge of Ignite Poison by Vehumet.
  9005 | D:9      | Found a staircase to the Orcish Mines.
  9101 | D:9      | Acquired Vehumet's second power
  9155 | D:10     | Entered Level 10 of the Dungeon
  9521 | D:9      | Offered knowledge of Stone Arrow by Vehumet.
 10304 | D:10     | Reached skill level 5 in Spellcasting
 10313 | D:10     | Learned a level 4 spell: Summon Lightning Spire
 10631 | D:10     | Noticed an unseen horror
 10638 | D:10     | Killed an unseen horror
 10722 | D:11     | Acquired Vehumet's third power
 10805 | D:11     | Found a labyrinth entrance.
 10810 | Lab      | Entered a labyrinth
 11448 | Lab      | Noticed a minotaur
 11464 | Lab      | Killed a minotaur
 11464 | Lab      | Reached XP level 11. HP: 35/72 MP: 8/21
 11473 | Lab      | Got a crude diamond amulet
 11497 | Lab      | Identified the Volume of Snow (You found it in a labyrinth)
 11501 | Lab      | Identified the amulet "Laptidyt" {rF+ Regen+ Int+6} (You took it off a minotaur in a labyrinth)
 11572 | D:11     | Noticed a hill giant
 11580 | D:11     | Reached skill level 5 in Evocations
 11591 | D:11     | Learned a level 6 spell: Bolt of Fire
 11664 | D:11     | Killed a hill giant
 11829 | D:11     | Noticed Erica
 11839 | D:11     | Killed Erica
 11859 | D:11     | Offered knowledge of Lee's Rapid Deconstruction by Vehumet.
 11930 | D:11     | Found a staircase to the Lair.
 11935 | Lair:1   | Entered Level 1 of the Lair of Beasts
 11938 | Lair:1   | Reached skill level 5 in Fire Magic
 11964 | Lair:1   | Noticed Joseph
 12051 | Lair:1   | Killed Joseph
 12212 | Lair:1   | Noticed a seven-headed hydra
 12223 | Lair:1   | Killed a seven-headed hydra
 12796 | Lair:1   | Reached XP level 12. HP: 79/79 MP: 15/24
 12815 | Lair:1   | Offered knowledge of Poison Arrow by Vehumet.
 12903 | Lair:1   | Noticed Gastronok
 12909 | Lair:1   | Killed Gastronok
 13568 | Lair:2   | Reached skill level 1 in Fighting
 14567 | Lair:3   | Reached skill level 5 in Fighting
 14828 | Lair:3   | Found a staircase to the Shoals.
 15148 | Lair:3   | Learned a level 3 spell: Gell's Gravitas
 15467 | Lair:3   | Found a hole to the Spider Nest.
 15715 | Lair:4   | Noticed Snorg
 15719 | Lair:4   | Killed Snorg
 16063 | Lair:4   | Noticed Harold
 16068 | Lair:4   | Killed Harold
 16068 | Lair:4   | Reached skill level 10 in Spellcasting
 16068 | Lair:4   | Gained mutation: You can use your snake-like lower body to constrict enemies. [Naga growth]
 16068 | Lair:4   | Reached XP level 13. HP: 97/97 MP: 8/27
 16173 | Lair:4   | Learned a level 4 spell: Fulminant Prism
 16546 | D:11     | Noticed a hill giant
 16555 | D:11     | Killed a hill giant
 16555 | D:11     | Offered knowledge of Freezing Cloud by Vehumet.
 16762 | D:11     | Noticed Grum
 16768 | D:11     | Killed Grum
 16812 | D:11     | Reached skill level 1 in Hexes
 17198 | Orc:1    | Entered Level 1 of the Orcish Mines
 17290 | Orc:2    | Noticed a stone giant
 17932 | Orc:2    | Killed a stone giant
 17932 | Orc:2    | Reached skill level 5 in Translocations
 18273 | D:11     | Learned a level 2 spell: Repel Missiles
 18346 | Orc:3    | Reached skill level 11 in Spellcasting
 18358 | Orc:3    | Offered knowledge of Irradiate by Vehumet.
 18859 | Orc:3    | Noticed xgamer67's ghost (powerful HuBe)
 18864 | Orc:3    | Killed xgamer67's ghost
 19383 | Orc:4    | Entered Level 4 of the Orcish Mines
 19391 | Orc:4    | Reached skill level 1 in Short Blades
 19521 | Orc:4    | Found Qaxzoz's Gadget Shoppe.
 19778 | Orc:4    | Found a staircase to the Elven Halls.
 20048 | Orc:4    | Offered knowledge of Bolt of Draining by Vehumet.
 20078 | Orc:4    | Reached skill level 10 in Conjurations
 20090 | Orc:4    | Found Isisheqo's Gadget Shop.
 20090 | Orc:4    | Found Muipoga's Assorted Antiques.
 20096 | Orc:4    | Found Joett's Food Shop.
 20096 | Orc:4    | Found Anarch's Distillery.
 20108 | Orc:4    | Bought a scroll labeled ZUIFRAHOSA for 18 gold pieces
 20212 | Orc:4    | Noticed an orc warlord
 20241 | Orc:4    | Killed an orc warlord
 20361 | Orc:4    | Lost mutation: Your body sometimes deteriorates upon taking damage. [helix card]
 20361 | Orc:4    | Gained mutation: Your mind is acute. (Int +2) [helix card]
 20364 | Elf:1    | Entered Level 1 of the Elven Halls
 20396 | Elf:1    | Noticed a deep elf death mage
 20404 | Elf:1    | Killed a deep elf death mage
 20404 | Elf:1    | Reached XP level 14. HP: 85/105 MP: 13/29
 20571 | Elf:1    | Noticed a deep elf death mage
 20583 | Elf:1    | Killed a deep elf death mage
 20792 | Elf:1    | Found Eboyzan's Gadget Shoppe.
 20954 | Elf:1    | Reached skill level 12 in Conjurations
 20975 | Elf:1    | Found a deep blue altar of Sif Muna.
 21521 | Lair:3   | Reached skill level 1 in Shields
 22149 | Lair:5   | Got a pearl-studded chain mail
 22151 | Lair:5   | Identified the +0 chain mail of Cesmyfip {rN+} (You found it on level 5 of the Lair of Beasts)
 22358 | Lair:5   | Offered knowledge of Delayed Fireball by Vehumet.
 23253 | Lair:5   | You fall through a shaft for 2 floors!
 23253 | Lair:7   | Noticed Nessos
 23267 | Lair:7   | Killed Nessos
 23364 | Lair:7   | Found a staircase to the Slime Pits.
 23939 | Lair:8   | Entered Level 8 of the Lair of Beasts
 23964 | Lair:8   | Offered knowledge of Bolt of Cold by Vehumet.
 24324 | Lair:8   | Reached XP level 15. HP: 110/110 MP: 7/31
 24565 | Lair:8   | Reached skill level 13 in Conjurations
 24766 | Lair:8   | Got an iridescent longbow
 24772 | Lair:8   | Identified the +2 longbow of Subjectivity {flame, Str+3 Int+2 Stlth-} (You found it on level 8 of the Lair of Beasts)
 25156 | Lair:6   | Offered knowledge of Ozocubu's Refrigeration by Vehumet.
 25774 | Spider:1 | Entered Level 1 of the Spider Nest
 25800 | Spider:1 | Reached skill level 5 in Summonings
 26181 | Shoals:1 | Entered Level 1 of the Shoals
 26320 | Shoals:1 | Offered knowledge of Fire Storm by Vehumet.
 26320 | Shoals:1 | Offered knowledge of Glaciate by Vehumet.
 26320 | Shoals:1 | Offered knowledge of Chain Lightning by Vehumet.
 26353 | Shoals:1 | Learned a level 7 spell: Spellforged Servitor
 26836 | D:12     | Noticed Urug
 26845 | D:12     | Killed Urug
 27169 | D:12     | Upgraded the game from 0.17-a0-1387-g00d4e61 to 0.17-a0-1397-g0eee0a3
 27846 | D:13     | Reached skill level 14 in Conjurations
 27913 | D:13     | Reached XP level 16. HP: 117/117 MP: 33/33
 27955 | D:13     | Found a gate to the Vaults.
 28509 | D:14     | Found a radiant altar of Vehumet.
 29130 | D:15     | Entered Level 15 of the Dungeon
 29767 | D:15     | Found a staircase to the Depths.
 29788 | Depths:1 | Entered Level 1 of the Depths
 29796 | D:15     | Slain by an ettin

Vault maps used:
D:1:      dpeg_arrival_round_a
D:2:      grunt_temple_overflow_open, item_on_display_a
D:3:      serial_glass, glass_columns_a, glass_columns_b, glass_columns_b,
          glass_columns_c, glass_columns_a, glass_columns_c, glass_columns_b,
          glass_columns_b
D:4:      minmay_temple_entry_crystal_x, kennysheep_boxes
D:5:      wad_lake_hut, basic_altar, first_bread, lemuel_blue_sif_altar
D:6:      uniq_edmund
D:7:      the_bakery, uniq_duvessa
D:9:      david_orc_2
D:11:     lair_0_dummy, lab_entry_generic, uniq_erica, uniq_grum
D:12:     uniq_urug
D:13:     david_vaults_2
D:14:     grunt_ministairs_3, lemuel_altar_in_water2
D:15:     grunt_enter_depths_snipers, grunt_decor_cap
Temple:   circular_temple_13
Lair:1:   st_stairs_3, wad_woods_river_03, uniq_joseph, uniq_gastronok
Lair:2:   roderic_carrion_pond, serial_bayou_shore_a
Lair:3:   minmay_shoals_entry_hut, spider_nest_entry_web_field, minmay_holes,
          infiniplex_staircase_pool_2
Lair:4:   uniq_snorg, uniq_harold
Lair:5:   grunt_forest_large_clearings
Lair:6:   grunt_forest_large_clearing_hut
Lair:7:   slime_dummy, st_stairs_13, serial_bayou_lagoon_a, lemuel_fruit_fields,
          uniq_nessos
Lair:8:   evilmike_catoblepas_cave, infiniplex_staircase_pool,
          lemuel_fruit_fields
Shoals:1: lightli_airlock
Orc:3:    nicolae_orc_pool_cavern
Orc:4:    grunt_orc_tribal_feast, serial_shops, nicolae_shop_crystal
Elf:1:    basic_altar, serial_shops,
          nicolae_shop_temple_entry_statues_fountains, minivault_28
Depths:1: nooodl_heptagram, abyss_entry, hell_entry, minmay_hedge_maze,
          kennysheep_cross_room, minmay_misc_feat_pillars,
          hangedman_research_probablistics
Lab:      labyrinth_watery, nicolae_lab_stuck

Action                   |  1- 3 |  4- 6 |  7- 9 | 10-12 | 13-15 | 16-18 || total
-------------------------+-------+-------+-------+-------+-------+-------++-------
Melee: Dagger            |    23 |    69 |   117 |   160 |       |       ||   369
       Short sword       |       |       |    53 |     5 |       |       ||    58
       Long sword        |       |       |       |    16 |       |       ||    16
       Flail             |       |       |       |     5 |       |       ||     5
       Staff             |       |       |       |    13 |   206 |    56 ||   275
       Morningstar       |       |       |       |     1 |       |       ||     1
 Fire: Shortbow          |       |       |     8 |     4 |       |       ||    12
       Hunting sling     |       |       |    49 |    62 |     1 |       ||   112
       Blowgun           |       |       |       |     6 |     2 |       ||     8
Throw: Tomahawk          |     6 |    15 |    22 |    71 |       |       ||   114
       Javelin           |       |       |    14 |       |       |       ||    14
       Throwing net      |       |       |       |       |     1 |       ||     1
 Cast: Magic Dart        |    73 |    53 |   106 |   106 |   225 |     5 ||   568
       Mephitic Cloud    |     3 |    15 |    20 |    50 |    62 |     8 ||   158
       Conjure Flame     |     1 |     2 |     6 |     5 |     1 |       ||    15
       Blink             |       |       |     4 |    27 |    28 |     2 ||    61
       Airstrike         |       |       |     4 |    17 |     1 |     3 ||    25
       Summon Lightning  |       |       |       |    46 |    72 |     9 ||   127
       Bolt of Fire      |       |       |       |    27 |    79 |    45 ||   151
       Fulminant Prism   |       |       |       |       |   274 |    62 ||   336
       Gell's Gravitas   |       |       |       |       |    14 |       ||    14
       Repel Missiles    |       |       |       |       |     2 |       ||     2
       Spellforged Servi |       |       |       |       |     2 |     2 ||     4
 Abil: Spit Poison       |    16 |    14 |       |       |       |       ||    30
       Breathe Poison Ga |       |     3 |    22 |    47 |    44 |       ||   116
Evoke: Wand              |       |     6 |     5 |    17 |     9 |     1 ||    38
       Deck              |       |       |       |       |     9 |       ||     9
  Use: Scroll            |     6 |     6 |     1 |    11 |    13 |       ||    37
       Potion            |       |     6 |     2 |    11 |     9 |       ||    28
 Stab: Sleeping          |     3 |     1 |       |     2 |     1 |     1 ||     8
       Confused          |       |     1 |     4 |     2 |       |       ||     7
       Distracted        |       |     1 |       |     1 |     2 |       ||     4
       Invisible         |       |       |       |     2 |       |       ||     2
  Eat: Chunk             |     3 |     8 |    11 |    35 |    50 |     9 ||   116
       Fruit             |       |     2 |       |       |     3 |       ||     5
       Pizza             |       |       |     2 |       |       |       ||     2
       Beef jerky        |       |       |     2 |     2 |     2 |       ||     6
       Meat ration       |       |       |       |     2 |     1 |       ||     3
